Map: Nightscape LE

Players

Skarlife - Winner!

  • Race: Protoss Protoss
  • League: Platinum
  • Spawn Location: 7:00

maurolaflame - Winner!

  • Race: Protoss Protoss
  • Spawn Location: 7:00

GoAwayKid

  • Race: Terran Terran
  • League: Silver
  • Spawn Location: 1:00

SpreeEnder

  • Race: Zerg Zerg
  • League: Silver
  • Spawn Location: 1:00

VOD

Have the link to the VOD?

Description

Time

  • Played on: July 23, 2022, 8:51 p.m.
  • Length: 17:50
Show
View Real Time Build Order
Export as new Build Order

Skarlife Protoss - Winner!

Build Orders: Oracle Opening 

Get SALT Encoding   

  12  0:01  Probe  
  13  0:13  Probe  
  14  0:19  Pylon  
  14  0:25  Probe  
  15  0:37  Gateway  
  15  0:40  Probe  
  16  0:45  Assimilator  
  16  0:52  Probe  
  18  1:04  Probe  
  18  1:25  Zealot (Chrono Boost)  
  18  1:28  Cybernetics Core  
  20  1:34  Pylon  
  20  1:42  Probe  
  21  1:55  Probe  
  21  1:58  Assimilator  
  22  2:04  Warp Gate (Chrono Boost)  
  22  2:07  Probe  
  25  2:11  Sentry  
  25  2:19  Nexus  
  25  2:24  Pylon  
  25  2:28  Probe  
  26  2:40  Probe  
  27  2:46  Stargate  
  27  2:55  Stalker  
  29  3:05  Shield Battery  
  29  3:26  Probe  
  30  3:36  Probe  
  30  3:38  Probe  
  32  3:43  Gateway  
  32  3:45  Gateway  
  32  3:48  Probe  
  32  3:50  Probe  
  32  3:51  Assimilator, Oracle (Chrono Boost)  
  37  4:02  Probe  
  38  4:04  Pylon  
  38  4:10  Probe  
  38  4:14  Probe  
  40  4:22  Probe  
  41  4:26  Twilight Council  
  41  4:28  Probe, Pylon  
  42  4:34  Probe  
  42  4:38  Oracle (Chrono Boost)  
  43  4:40  Probe  
  47  4:47  Probe  
  47  4:50  Stalker  
  47  4:52  Probe  
  51  5:01  Probe  
  51  5:04  Probe  
  53  5:13  Probe  
  51  5:24  Oracle  
  54  5:31  Charge (Chrono Boost)  
  54  5:39  Gateway x2  
  54  5:43  Assimilator, Robotics Facility  
  54  5:52  Shield Battery  
  54  5:55  Forge  
  54  5:56  Templar Archives  
  54  5:58  Pylon, Forge  
  54  6:05  Stalker x2  
  54  6:06  Stalker  
  54  6:07  Probe x2  
  62  6:16  Oracle  
  65  6:19  Probe  
  66  6:34  Protoss Ground Armor Level 1, Probe x2  
  66  6:37  Protoss Ground Weapons Level 1  
  68  6:42  Zealot x2  
  68  6:43  Zealot x3  
  78  6:49  Psionic Storm  
  78  6:53  Photon Cannon  
  78  7:03  Probe x2  
  77  7:15  Probe  
  78  7:40  Pylon  
  78  7:41  Pylon  
  78  7:43  Pylon  
  78  7:47  Pylon  
  78  7:48  Pylon  
  78  7:51  Pylon  
  78  7:52  Pylon  
  78  7:58  Probe x2  
  70  8:10  Probe x2  
  52  8:18  Robotics Facility  
  52  8:23  Robotics Bay  
  52  8:28  Gateway x2  
  52  8:29  Stalker x2  
  52  8:30  Gateway, Stalker  
  52  8:33  Gateway, Blink (Chrono Boost)  
  58  8:39  Oracle (Chrono Boost)  
  58  8:43  Protoss Ground Armor Level 2 (Chrono Boost)  
  58  8:45  Protoss Ground Weapons Level 2 (Chrono Boost)  
  61  8:54  Pylon, Stalker  
  61  8:55  Stalker x2  
  67  8:56  Pylon  
  67  9:09  Oracle  
  70  9:14  Disruptor  
  73  9:19  Nexus  
  73  9:22  Pylon  
  73  9:24  Assimilator  
  73  9:25  Probe  
  73  9:26  Probe  
  75  9:37  Probe  
  77  9:45  Probe  
  77  9:50  Probe  
  78  9:57  Probe  
  78  9:59  Oracle  
  82  10:02  Probe  
  83  10:10  Probe, Zealot x3  
  83  10:11  Zealot x5  
  83  10:13  Pylon  
  100  10:26  Probe x2  
  102  10:34  Gateway  
  102  10:37  Shield Battery  
  102  10:38  Probe x2, Shield Battery  
  102  10:40  Shield Battery  
  101  10:50  Probe  
  81  11:05  Stalker x4  
  81  11:06  Stalker  
  76  11:42  Zealot x3  
  76  11:43  Zealot x6  
  76  11:45  Probe x3  
  76  11:46  Disruptor x2 (Chrono Boost)  
  100  11:54  Photon Cannon  
  100  11:56  Photon Cannon  
  100  11:59  Assimilator  
  100  12:05  Shield Battery  
  100  12:08  Shield Battery  
  100  12:09  Gravitic Drive  
  100  12:10  Photon Cannon  
  100  12:13  Photon Cannon  
  100  12:14  Zealot x5  
  100  12:15  Zealot x3  
  114  12:20  Protoss Ground Armor Level 3 (Chrono Boost), Protoss Ground Weapons Level 3 (Chrono Boost)  
  114  12:22  Oracle  
  119  12:31  Disruptor x2 (Chrono Boost)  
  125  12:44  Zealot x3  
  125  12:45  Zealot x4  
  139  12:59  Oracle  
  84  13:47  Pylon  
  84  13:48  Zealot x4  
  88  13:49  Zealot x3, Pylon  
  88  13:50  Zealot x2  
  88  13:53  Nexus  
  102  13:56  Pylon  
  102  13:57  Pylon  
  102  14:01  Assimilator  
  102  14:06  Assimilator  
  94  14:35  Stalker x4  
  94  14:36  Stalker x5  
  94  14:37  Disruptor  
  105  14:46  Oracle  
  106  14:58  Protoss Shields Level 1 (Chrono Boost)  
  106  15:11  Zealot x3  
  106  15:12  Zealot x6  
  124  15:23  Oracle  
  115  15:34  Shield Battery  
  115  15:35  Shield Battery  
  109  15:37  High Templar x3  
  109  15:38  High Templar x6  
  109  15:40  Shield Battery  
  109  15:41  Archon, Shield Battery  
  109  15:42  Archon  
  127  15:54  Probe  
  127  15:55  Probe x2  
  130  16:06  Probe  
  131  16:16  Zealot x4  
  131  16:17  Zealot x5  
  149  16:19  Nexus  
  149  16:20  Pylon  
  149  16:22  Pylon  
  113  17:01  Zealot x2  
  113  17:02  Zealot x6  
  113  17:03  Zealot  
  120  17:10  Archon  
  118  17:21  Gateway  
  118  17:22  Gateway  
  118  17:23  Gateway  
  118  17:25  Gateway x2  
  118  17:37  Zealot x3  
  118  17:38  Zealot x6  
Show
View Real Time Build Order
Export as new Build Order

maurolaflame Protoss - Winner!

Build Orders:  

Get SALT Encoding   

  12  0:02  Probe  
  13  0:14  Probe  
  14  0:30  Pylon  
  14  0:33  Probe  
  15  0:48  Probe  
  16  0:53  Gateway  
  16  1:00  Probe  
  17  1:12  Probe  
  17  1:16  Gateway  
  18  1:23  Assimilator  
  18  1:38  Pylon  
  18  1:43  Zealot (Chrono Boost)  
  20  1:53  Assimilator  
  20  1:59  Cybernetics Core  
  20  2:01  Zealot (Chrono Boost)  
  20  2:04  Zealot  
  24  2:28  Zealot  
  26  2:30  Gateway  
  26  2:31  Zealot  
  26  2:32  Warp Gate (Chrono Boost)  
  28  2:50  Pylon  
  28  2:53  Pylon  
  28  2:57  Probe  
  29  3:09  Probe  
  29  3:10  Shield Battery  
  30  3:21  Probe  
  31  3:34  Probe  
  32  3:46  Probe  
  33  3:58  Probe  
  34  4:15  Nexus  
  34  4:26  Stalker x3  
  40  4:54  Stalker x3  
  46  5:14  Twilight Council  
  46  5:16  Probe  
  47  5:28  Probe, Robotics Facility  
  47  5:29  Robotics Facility  
  48  5:41  Probe, Gateway x2  
  49  5:53  Probe, Blink  
  50  5:59  Probe  
  51  6:05  Probe  
  51  6:11  Probe  
  53  6:17  Probe  
  54  6:23  Probe  
  54  6:25  Robotics Bay  
  55  6:29  Probe  
  56  6:35  Probe  
  57  6:41  Probe  
  57  6:42  Forge  
  57  6:44  Forge  
  58  6:47  Probe, Pylon  
  58  6:51  Pylon  
  58  6:53  Probe  
  60  6:54  Pylon  
  60  6:58  Pylon  
  60  7:01  Stalker  
  56  8:01  Assimilator  
  56  8:06  Assimilator  
  56  8:08  Pylon  
  56  8:12  Pylon  
  56  8:15  Stalker x3  
  56  8:16  Stalker  
  64  8:21  Extended Thermal Lance  
  64  8:22  Colossus  
  64  8:24  Colossus  
  76  8:36  Protoss Ground Weapons Level 1  
  76  8:38  Protoss Ground Armor Level 1  
  76  8:46  Nexus  
  76  8:48  Pylon  
  76  8:51  Pylon  
  76  8:54  Pylon  
  76  8:57  Pylon  
  76  9:00  Pylon  
  76  9:02  Pylon  
  76  9:04  Pylon  
  76  9:06  Probe  
  76  9:08  Probe  
  78  9:18  Probe  
  78  9:20  Probe  
  80  9:25  Colossus  
  80  9:31  Probe  
  87  9:32  Probe  
  88  9:40  Zealot x4  
  88  9:43  Probe  
  88  9:44  Probe  
  98  9:55  Probe  
  98  9:56  Probe  
  98  9:58  Probe  
  101  10:07  Probe  
  101  10:08  Probe  
  101  10:10  Probe  
  104  10:15  Assimilator  
  104  10:16  Stalker x2  
  104  10:19  Probe  
  104  10:20  Probe, Assimilator  
  110  10:22  Probe  
  111  10:31  Probe  
  111  10:32  Probe  
  113  10:43  Protoss Ground Weapons Level 2 (Chrono Boost)  
  113  10:44  Protoss Ground Armor Level 2 (Chrono Boost)  
  87  11:11  Colossus  
  87  11:12  Colossus  
  93  11:43  Stalker x3  
  93  11:44  Stalker x2  
  101  11:56  Probe  
  102  12:04  Colossus  
  102  12:06  Colossus  
  102  12:08  Probe  
  115  12:20  Probe  
  116  12:46  Nexus  
  116  12:48  Stalker x3  
  116  12:49  Stalker x2  
  125  12:58  Colossus  
  125  13:00  Colossus  
  123  13:21  Stalker x3  
  123  13:22  Stalker x2  
  133  13:47  Stalker x4  
  133  13:48  Stalker  
  143  13:51  Colossus  
  143  13:53  Colossus  
  155  13:57  Nexus  
  155  14:02  Pylon  
  155  14:03  Pylon  
  155  14:05  Pylon  
  155  14:09  Assimilator  
  155  14:13  Assimilator  
  149  14:25  Gateway  
  149  14:27  Gateway  
  149  14:28  Gateway  
  149  14:40  Probe  
  149  14:41  Probe x2  
  149  14:45  Colossus  
  152  14:47  Colossus  
  164  14:53  Probe x3  
  164  14:59  Protoss Ground Armor Level 3  
  167  15:01  Protoss Ground Weapons Level 3  
  167  15:05  Probe x2  
  169  15:15  Zealot x4  
  169  15:16  Zealot  
  179  15:28  Gateway  
  179  15:29  Gateway  
  179  15:30  Gateway  
  179  15:38  Colossus  
  179  15:40  Probe x3  
  188  15:52  Probe x2  
  188  15:55  Zealot x3  
  188  15:56  Zealot x2  
  200  15:59  Nexus  
  200  16:22  Assimilator  
Show
View Real Time Build Order
Export as new Build Order

GoAwayKid Terran 

Build Orders:  

Get SALT Encoding   

  12  0:00  SCV  
  13  0:12  SCV  
  14  0:18  Supply Depot  
  14  0:24  SCV  
  15  0:39  SCV  
  15  0:41  Barracks  
  16  0:48  Refinery  
  16  0:51  SCV  
  17  1:02  Supply Depot  
  17  1:04  SCV  
  18  1:16  SCV  
  19  1:28  Supply Depot, SCV  
  19  1:29  Barracks  
  20  1:40  Orbital Command  
  20  1:46  Barracks Reactor  
  20  1:59  Refinery  
  20  2:14  SCV  
  21  2:21  Barracks Tech Lab  
  21  2:26  SCV  
  21  2:29  Command Center  
  22  2:34  Marine  
  22  2:35  Marine  
  24  2:42  Combat Shield  
  24  2:46  Marine  
  24  2:49  SCV  
  26  2:52  Marine x2  
  28  3:01  SCV  
  28  3:04  Marine  
  28  3:05  Engineering Bay  
  30  3:12  Supply Depot  
  30  3:13  SCV  
  31  3:36  Factory  
  31  3:42  Missile Turret  
  31  3:43  Terran Infantry Weapons Level 1  
  31  3:48  Marine x2  
  33  3:55  SCV  
  33  3:59  Orbital Command  
  33  4:01  Stimpack  
  33  4:02  Missile Turret  
  34  4:06  Marine x2  
  34  4:07  SCV  
  37  4:16  Supply Depot  
  37  4:22  Missile Turret  
  37  4:28  SCV x2  
  39  4:40  SCV x2  
  39  4:43  Missile Turret  
  41  4:54  SCV x2  
  41  4:58  Marine x2  
  41  4:59  Factory Tech Lab  
  45  5:05  Starport  
  45  5:06  SCV  
  48  5:07  Marauder  
  48  5:16  Engineering Bay  
  48  5:22  Armory  
  48  5:25  SCV x2  
  48  5:28  Marauder  
  52  5:31  Siege Tank  
  55  5:40  Concussive Shells  
  55  5:44  Barracks  
  55  5:49  Marine, Marauder, Starport Reactor  
  57  5:50  Marine  
  59  5:58  Supply Depot x2  
  59  6:00  SCV  
  59  6:01  SCV  
  59  6:04  Supply Depot, Siege Tank  
  64  6:07  Marine x2  
  66  6:12  SCV  
  66  6:13  SCV  
  68  6:24  SCV  
  68  6:25  Marine x2, SCV  
  72  6:35  Refinery  
  72  6:37  SCV  
  72  6:38  SCV  
  72  6:39  Refinery  
  74  6:46  Barracks Reactor  
  74  6:47  Terran Infantry Weapons Level 2, Barracks x2  
  74  6:48  Terran Infantry Armor Level 1  
  74  6:49  Terran Vehicle And Ship Armor Level 1  
  74  6:51  Marine, Barracks  
  74  6:52  Marine x2  
  77  7:09  Marine  
  59  7:28  Siege Tank  
  62  7:30  Marine x4  
  62  7:35  Marauder  
  62  7:36  SCV  
  69  7:46  SCV  
  69  7:48  Marine x4  
  74  7:56  Marauder  
  76  8:00  Siege Tank  
  70  8:05  Marine  
  70  8:06  Marine x3  
  72  8:17  SCV, Marauder  
  75  8:23  Marine x2  
  75  8:24  Marine  
  78  8:29  SCV  
  78  8:31  Barracks Reactor x3  
  78  8:32  Siege Tank  
  82  8:35  Marine  
  82  8:36  Command Center  
  82  8:38  Marine  
  82  8:41  Marine, SCV  
  86  8:49  Factory  
  86  8:52  Factory  
  86  8:53  SCV  
  87  9:04  Siege Tank  
  90  9:16  Marauder  
  90  9:17  Marine x2  
  94  9:47  Marine x10, Medivac x2  
  94  9:48  Supply Depot  
  94  9:49  Supply Depot  
  94  9:50  Supply Depot  
  108  9:55  Factory Tech Lab  
  108  9:56  Factory Tech Lab  
  108  10:03  Orbital Command  
  108  10:05  Marine  
  109  10:09  Marine  
  109  10:10  Marauder  
  112  10:17  Supply Depot, Medivac x2  
  112  10:19  Supply Depot  
  116  10:25  SCV x2  
  118  10:31  Marauder  
  118  10:35  SCV  
  121  10:39  Supply Depot  
  121  10:41  Supply Depot  
  121  10:44  Sensor Tower  
  121  10:52  Marauder  
  121  10:53  Missile Turret  
  121  10:54  Missile Turret  
  82  11:04  Supply Depot  
  82  11:06  Supply Depot  
  82  11:12  Marine x7  
  82  11:13  Marine x3  
  82  11:14  Marauder  
  94  11:30  Marine x10  
  104  11:35  Marine, Siege Tank  
  104  11:37  Medivac x2  
  112  11:47  SCV x2  
  112  11:48  Marine x8, SCV  
  123  11:59  SCV x2  
  125  12:07  Supply Depot, Viking x2, Siege Tank  
  132  12:08  Supply Depot  
  132  12:09  Supply Depot  
  132  12:11  Supply Depot, SCV x2  
  132  12:12  Supply Depot  
  134  12:28  Supply Depot  
  134  12:30  Supply Depot x2  
  134  12:33  Command Center  
  134  12:37  Viking  
  134  12:39  Siege Tank  
  134  12:42  Terran Ship Weapons Level 1  
  134  12:43  Terran Infantry Weapons Level 3, Terran Infantry Armor Level 2  
  139  12:50  Armory  
  139  12:52  Marine, Marauder  
  139  12:53  Marine  
  143  13:13  Marauder  
  140  13:35  Marauder  
  140  13:41  Marine x10  
  142  13:45  Viking x2  
  156  13:50  Planetary Fortress  
  156  13:55  Refinery  
  156  13:56  Refinery, Marauder  
  156  13:58  Refinery  
  156  13:59  Marine x10  
  168  14:11  SCV x2  
  168  14:12  SCV  
  168  14:16  Marine  
  171  14:17  Marine x9, Marauder  
  171  14:20  Missile Turret  
  171  14:24  Missile Turret  
  163  14:34  SCV  
  159  14:39  Marauder  
  158  14:46  SCV  
  158  14:47  SCV  
  160  14:55  Marine x6  
  160  14:56  Marine x4  
  160  14:58  SCV  
  160  14:59  SCV, Hi-Sec Auto Tracking  
  172  15:00  Marauder  
  172  15:01  Siege Tank  
  177  15:10  SCV  
  177  15:11  SCV  
  177  15:13  Marine x10  
  189  15:16  Missile Turret  
  189  15:18  Missile Turret  
  189  15:22  SCV, Marauder  
  189  15:23  SCV  
  193  15:31  Marine x3  
  193  15:33  Siege Tank  
  193  15:35  SCV  
  200  15:56  Refinery  
  148  17:00  Marine x2  
  148  17:01  Marine x9  
  70  17:18  Marine x8  
  70  17:19  Marine x3  
Show
View Real Time Build Order
Export as new Build Order

SpreeEnder Zerg 

Build Orders: Pool First, Swarm Host 

Get SALT Encoding   

  12  0:12  Overlord  
  12  0:26  Spawning Pool  
  11  0:31  Drone  
  12  0:37  Drone  
  12  0:40  Drone  
  14  0:47  Drone  
  15  0:54  Drone  
  16  1:15  Zergling x4  
  18  1:21  Hatchery  
  17  1:28  Zergling x2  
  18  1:33  Extractor  
  18  1:35  Queen  
  19  1:50  Roach Warren, Zergling x2  
  19  1:53  Zergling x2  
  20  2:14  Drone x2  
  22  2:28  Overlord  
  22  2:30  Overlord  
  22  2:35  Queen  
  24  2:39  Drone  
  25  2:48  Drone x2  
  25  2:49  Drone x2  
  29  2:53  Drone  
  30  3:05  Drone  
  31  3:07  Drone x3  
  34  3:18  Roach x2  
  38  3:26  Roach x2  
  42  3:34  Overlord  
  42  3:36  Overlord  
  42  3:54  Drone  
  42  3:55  Drone x5  
  48  4:01  Extractor  
  47  4:03  Drone x2  
  47  4:04  Drone  
  51  4:17  Drone x4  
  51  4:21  Spine Crawler  
  53  4:24  Roach x3  
  59  4:31  Lair  
  59  4:35  Overlord  
  59  4:36  Overlord  
  59  4:39  Overlord  
  59  4:48  Spore Crawler  
  59  4:49  Spore Crawler  
  59  4:52  Spore Crawler  
  56  4:55  Spore Crawler  
  55  5:00  Drone  
  55  5:01  Drone x4  
  55  5:04  Drone  
  55  5:06  Extractor  
  60  5:29  Drone x3  
  60  5:33  Extractor, Drone x3  
  60  5:35  Roach x2  
  69  5:36  Roach x4  
  77  5:47  Infestation Pit  
  77  5:49  Hydralisk Den  
  75  5:50  Evolution Chamber  
  75  5:52  Drone x2, Evolution Chamber  
  75  6:01  Drone  
  75  6:02  Drone x3  
  75  6:04  Overlord  
  79  6:07  Overlord  
  79  6:27  Overseer  
  79  6:35  Zerg Melee Weapons Level 1  
  79  6:36  Zerg Missile Weapons Level 1, Spore Crawler x3  
  76  6:44  Hydralisk x3  
  76  6:45  Hydralisk x2  
  86  6:49  Hydralisk  
  86  6:50  Hydralisk  
  86  6:53  Hydralisk  
  92  6:57  Hydralisk  
  92  7:00  Hydralisk  
  96  7:14  Drone  
  97  7:20  Overseer  
  97  7:30  Overlord x4  
  97  7:40  Hatchery  
  96  7:50  Drone x5  
  96  7:51  Drone x4  
  105  7:53  Drone x2  
  105  7:54  Drone  
  109  8:27  Roach x10, Spore Crawler  
  109  8:29  Zerg Ground Armor Level 1  
  109  8:30  Roach  
  128  8:47  Overlord  
  128  8:48  Overlord x3  
  128  8:52  Overseer x5  
  128  8:55  Extractor  
  128  9:00  Extractor  
  126  9:05  Queen  
  126  9:07  Drone x2  
  126  9:08  Drone x3  
  126  9:09  Drone  
  134  9:10  Hydralisk  
  134  9:11  Hydralisk  
  134  9:12  Hydralisk  
  140  9:19  Zerg Missile Weapons Level 2  
  140  9:45  Hydralisk x9  
  142  9:50  Swarm Host x3  
  167  10:06  Overlord  
  167  10:07  Overlord x4  
  167  10:18  Spore Crawler  
  167  10:19  Spore Crawler  
  165  10:33  Swarm Host x11  
  198  10:37  Hydralisk  
  200  10:43  Spore Crawler  
  200  10:46  Spore Crawler  
  170  11:53  Hydralisk  
  170  11:54  Hydralisk x14  
  200  12:37  Hatchery  
  166  13:18  Hydralisk x12  
  166  13:19  Hydralisk x16  
  143  13:48  Zerg Ground Armor Level 2  
  143  13:49  Zerg Melee Weapons Level 2  
  143  13:54  Queen  
  145  13:55  Drone  
  145  13:56  Drone x11  
  157  14:02  Hydralisk  
  159  14:15  Hydralisk x2  
  159  14:16  Hydralisk x8  
  179  14:29  Spore Crawler  
  178  14:40  Spire  
  177  15:07  Extractor  
  177  15:08  Extractor, Drone x3  
  177  15:09  Drone x3  
  181  16:01  Mutalisk x6  
  181  16:02  Mutalisk x3  
  199  16:06  Spore Crawler  
  199  16:08  Spore Crawler  
  199  16:09  Spine Crawler  
  199  16:10  Hive, Spine Crawler, Spore Crawler  
  194  16:11  Spine Crawler  
  194  16:12  Glial Reconstitution  
  193  16:35  Grooved Spines  
  135  16:57  Hydralisk  
  135  16:58  Hydralisk x15  
  135  16:59  Hydralisk x13  
  157  17:19  Swarm Host x6  
  157  17:20  Swarm Host  
Tags
 
Add a new tag
Caveats
  • Supply blocks, unpowered buildings, or Contaminate may cause inaccurate times.
  • Supply counts are checked every 10 seconds.